 Dungeon Crawl Stone Soup version 0.29-a0-352-g0917bc69df (webtiles) character file.

Game seed: 267116289196266953

4539 spaghetti the Ogre Mage (level 10, -10/108 HPs)
             Began as an Ogre Air Elementalist on Apr 25, 2022.
             Was a High Priest of Hepliaklqana.
             Mangled by a two-headed ogre
             ... wielding a +0 giant spiked club
              (14 damage)
             ... on level 8 of the Dungeon.
             The game lasted 00:20:38 (9853 turns).

spaghetti the Ogre Mage (Ogre Air Elementalist)     Turns: 9853, Time: 00:20:38

Health: -10/108    AC: 25    Str: 11 (14) XL:     10   Next: 40%
Magic:  26/30      EV:  1    Int: 18 (20) God:    Hepliaklqana [*****.]
Gold:   412        SH:  0    Dex:  6 (9)  Spells: 37/41 levels left

rFire   . . .      SeeInvis .   h - +3 dagger "Veymezu" {spect, rC++ Stlth+, short}
rCold   + + .      Faith    .   (no shield)
rNeg    . . .      Spirit   .   (body armour currently unavailable)
rPois   +          Reflect  .   (helmet currently unavailable)
rElec   .          Harm     .   (cloak currently unavailable)
rCorr   .          Rampage  .   (gloves unavailable)
Will    +....      NoTele   +   (boots unavailable)
Stlth   ++........              e - amulet of the acrobat
HPRegen 0.28/turn               m - ring of poison resistance
MPRegen 0.22/turn               (no ring)

@: mighty, tree-form, hasted, invisible, very quick
A: stationary, stasis, torment immunity, boosted hp, reduced essence, large,
unfitting armour, (tough skin 1)
a: Renounce Religion, Recall Ancestor, Ancestor Identity, Transference, Idealise


You were on level 8 of the Dungeon.
You worshipped Hepliaklqana.
Hepliaklqana was extremely pleased with you.
You were a tree.
You visited 1 branch of the dungeon, and saw 8 of its levels.
You also visited: Sewer.

You collected 412 gold pieces.


Innate Abilities, Weirdness & Mutations

You are a tree.
Your roots penetrate the ground, keeping you stationary.
You cannot be teleported.
You are immune to unholy pain and torment.
Your maximum health is greatly increased.
Your equipment is partially melded.
Your life essence is reduced to manifest your ancestor. (-10% HP)
You are too large for most types of armour.
((You have tough skin. (AC +1)))


   Skills:
 - Level 1.7 Dodging
 - Level 1.4 Stealth
 + Level 16.0 Spellcasting
 - Level 0.8 Conjurations
 - Level 2.6 Air Magic


You had 37 spell levels left.
You knew the following spells:

 Your Spells              Type           Power      Damage    Failure   Level
a - Shock                 Conj/Air       80%        1d8       1%          1
b - Swiftness             Air            24%        N/A       4%          3

Your spell library contained the following spells:

 Spells                   Type           Power      Damage    Failure   Level
 Poisonous Vapours        Pois/Air       38%        N/A       3%          2
 Static Discharge         Conj/Air       20%        N/A       3%          2
 Sting                    Tmut/Pois      56%        1d5       4%          1
 Gell's Gravitas          Tloc           14%        N/A       13%         3
 Lesser Beckoning         Tloc           14%        N/A       13%         3
 Teleport Other           Tloc           14%        N/A       13%         3
 Airstrike                Air            12%        N/A       14%         4
 Olgreb's Toxic Radiance  Pois           14%        N/A       38%         4

Inventory:

Hand Weapons
 h - the +3 dagger "Veymezu" (weapon) {spect, rC++ Stlth+, short}
   (You found it on level 3 of the Dungeon)

   When its wielder attacks, the weapon's spirit leaps out and strikes again.
   The spirit shares a part of any damage it takes with its wielder.
   rC:        It greatly protects you from cold.
   Stlth:     It makes you more stealthy.
 K - the +12 long sword "Okhih" {freeze, Fly rF- Int+2, long}
   (You found it on level 6 of the Dungeon)

   It freezes those it strikes, dealing additional cold damage.
   It can also slow down cold-blooded creatures.
   Int:       It affects your intelligence (+2).
   rF:        It makes you vulnerable to fire.
   Fly:       It grants you flight.
Missiles
 d - 5 boomerangs {throwing}
 l - 147 stones {throwing}
 q - 29 poisoned darts {throwing}
 s - 4 atropa-tipped darts {throwing}
 E - 6 large rocks {=fthrowing}
Armour
 O - a +2 robe of positive energy (melded)
   (You took it off Dowan on level 7 of the Dungeon)
Magical Staves
 J - a staff of fire {!astaff}
   (You found it on level 6 of the Dungeon)
Jewellery
 e - an amulet of the acrobat (around neck)
   (You found it on level 1 of the Dungeon)
 m - a ring of poison resistance (left branch)
   (You found it on level 3 of the Dungeon)
Wands
 n - a wand of digging (10)
   (You took it off Robin on level 4 of the Dungeon)
 G - a wand of iceblast (9)
   (You found it on level 5 of the Dungeon)
 I - a wand of charming (15)
   (You found it on level 5 of the Dungeon)
 M - a wand of polymorph (13)
   (You found it on level 7 of the Dungeon)
Scrolls
 f - 2 scrolls of fog {unknown}
 g - 3 scrolls of teleportation {unknown}
 i - 3 scrolls of noise {unknown}
 j - 3 scrolls of enchant armour {unknown}
 k - a scroll of silence {unknown}
 u - a scroll of magic mapping {unknown}
 z - 5 scrolls of identify {unknown}
 B - a scroll of torment {unknown}
 D - a scroll of amnesia {unknown}
 F - a scroll of holy word {unknown}
 L - a scroll of vulnerability {unknown}
 N - a scroll of blinking {unknown}
Potions
 a - a potion of curing {@q1}
 b - 2 potions of magic
 c - 2 potions of mutation {unknown}
 o - 2 potions of resistance
 p - 2 potions of flight
 t - a potion of might
 C - a potion of brilliance
Miscellaneous
 y - a phantom mirror
   (You found it in a sewer)

Dungeon Overview and Level Annotations

Branches:
Dungeon (8/15)             Temple (0/1) D:7           Sewer (visited)
   Lair: D:8-11

Altars:
Ashenzari
Cheibriados
Dithmenos
Fedhas
Hepliaklqana
Nemelex Xobeh
Okawaru
Vehumet
The Shining One

.............#
#######..........#
#......#........####
#......#...........# .
#................#.# ...
#................#.#
....#................#..
......OY.............###
..#..c♣.............##
##.Y†...#..>.†.....#
##(.##..#......##.##
#.####.#####..##... #.
.# ##.####. ## ..# #.#
## .. #.#####
#########.## #......
#[.....##..###.#####


You could see a two-headed ogre (can't see you), 2 yaks, a centaur (can't see
you) and a friendly +3 dagger "Veymezu" {spect, rC++ Stlth+, short} (summoned).


Message History

There are monsters nearby!
You feel yourself speed up.
The centaur shoots an arrow.
The arrow hits you but does no damage. The yak gores you but does no damage.
You barely miss the two-headed ogre.
Your +3 dagger "Veymezu" {spect, rC++ Stlth+, short} hits the two-headed ogre.
The two-headed ogre hits you with a +0 giant spiked club!
* * * LOW HITPOINT WARNING * * *
The two-headed ogre hits you but does no damage.
The yak gores you but does no damage.
The yak gores your +3 dagger "Veymezu" {spect, rC++ Stlth+, short}!
Your spectral weapon shares its damage with you!
* * * LOW HITPOINT WARNING * * *
😱 HP[-18] MP[+1]
You take 18 damage, and now have 16/108 hp.
You feel much better.
The centaur unwields a +3 shortbow.
The centaur hits you but does no damage.
The centaur kicks you but does no damage. 😨 HP[+25]
You regained 25 hp, and now have 41/108 hp.
You feel very mighty all of a sudden.
The two-headed ogre hits you with a +0 giant spiked club!
* * * LOW HITPOINT WARNING * * *
The two-headed ogre hits you with a +0 giant spiked club!
* * * LOW HITPOINT WARNING * * *
The yak gores you but does no damage.
The centaur hits you but does no damage.
The centaur kicks you but does no damage. 😱 HP[-21]
You take 21 damage, and now have 20/108 hp.
You hit the centaur.
Your +3 dagger "Veymezu" {spect, rC++ Stlth+, short} hits the centaur.
The centaur hits you but does no damage.
The centaur kicks you but does no damage.
The yak gores you but does no damage. The yak gores you!
* * * LOW HITPOINT WARNING * * *
The yak gores your +3 dagger "Veymezu" {spect, rC++ Stlth+, short}.
Your spectral weapon shares its damage with you!
* * * LOW HITPOINT WARNING * * *
😱 HP[-11]
You take 11 damage, and now have 9/108 hp.
You feel much better.
The two-headed ogre hits you but does no damage. x2
The centaur hits you but does no damage.
The centaur kicks you but does no damage. 😱 HP[+16]
You regained 16 hp, and now have 25/108 hp.
You feel much better. The yak gores you.
* * * LOW HITPOINT WARNING * * *
The centaur hits you but does no damage.
The centaur kicks you but does no damage. 😨 HP[+21]
You regained 21 hp, and now have 46/108 hp.
You hit the two-headed ogre. The centaur barely misses you.
The centaur kicks you.
* * * LOW HITPOINT WARNING * * *
The yak gores you but does no damage.
The two-headed ogre hits you with a +0 giant spiked club.
* * * LOW HITPOINT WARNING * * *
The two-headed ogre hits you but does no damage.
The yak gores you but does no damage. x2 😨 HP[-5]
You take 5 damage, and now have 41/108 hp.
You closely miss the yak.
Your +3 dagger "Veymezu" {spect, rC++ Stlth+, short} barely misses the yak.
The centaur hits you but does no damage.
The centaur barely misses you.
You catch the helpless yak completely off-guard!
You puncture the yak!
Your +3 dagger "Veymezu" {spect, rC++ Stlth+, short} hits the yak.
The yak gores you but does no damage. x2; The yak barely misses you.
The centaur hits you but does no damage.
The centaur kicks you but does no damage. 😨 MP[+1]
You catch the helpless yak completely off-guard!
You puncture the yak!
Your +3 dagger "Veymezu" {spect, rC++ Stlth+, short} hits the yak.
The two-headed ogre hits you with a +0 giant spiked club!
* * * LOW HITPOINT WARNING * * *
The two-headed ogre hits you but does no damage.
The centaur hits you but does no damage.
The centaur kicks you but does no damage. 😱 HP[-14]
You take 14 damage, and now have 27/108 hp.
You barely miss the yak.
Your +3 dagger "Veymezu" {spect, rC++ Stlth+, short} hits the yak.
You kill the yak!
The yak gores you!
* * * LOW HITPOINT WARNING * * *
You feel your intelligence returning.
Your Spellcasting skill increases to level 16! 😱 HP[-7]
You take 7 damage, and now have 20/108 hp.
You barely miss the yak.
Your +3 dagger "Veymezu" {spect, rC++ Stlth+, short} hits the yak.
The yak completely misses your +3 dagger "Veymezu" {spect, rC++ Stlth+, short}.
The yak gores you but does no damage.
The two-headed ogre hits you with a +0 giant spiked club!
* * * LOW HITPOINT WARNING * * *
The two-headed ogre hits you with a +0 giant spiked club!
You die...

Skill      XL: |  1  2  3  4  5  6  7  8  9 10 |
---------------+-------------------------------+-----
Spellcasting   | 3 4 5 7 8 10 12 15 16 | 16.0
Dodging        | |  1.7
Stealth        | |  1.4
Conjurations   | |  0.8
Air Magic      | |  2.6

Action                   |  1- 3 |  4- 6 |  7- 9 | 10-12 || total
-------------------------+-------+-------+-------+-------++-------
Melee: Unarmed           |    19 |       |       |       ||    19
       Dagger            |       |    11 |    44 |    43 ||    98
       Punch             |       |       |     1 |       ||     1
Throw: Boomerang         |       |     4 |       |       ||     4
 Cast: Shock             |    78 |    91 |   240 |    33 ||   442
Invok: Ancestor Life: Kn |     1 |       |       |       ||     1
  Use: Potion            |       |       |       |    20 ||    20
 Stab: Sleeping          |       |       |     1 |       ||     1
       Invisible         |       |       |       |     2 ||     2
Armor: Robe              |     8 |     2 |    18 |    22 ||    50
       Skin              |       |       |       |    37 ||    37
Dodge: Dodged            |    14 |     6 |    23 |    34 ||    77

Levels and vault maps discovered:
D:1:      kennysheep_arrival_forest, layout_loops_ring,
          hellmonk_ecumenical_altar_slurped_away, minivault_5,
          minmay_tromino_v4_b
D:2:      layout_basic, kennysheep_generic_room_16
D:3:      layout_loops_corners, grunt_temple_overflow_open
D:4:      layout_layer_cave, nicolae_hepliaklqana_hippocampus,
          lightli_corner_chamber, uniq_robin
D:5:      layout_basic, portal_sewer_entry_f, roderic_batcave, uniq_pikel
D:6:      layout_gridville, nicolae_ashenzari_panopticon, slow_altar_2
D:7:      layout_basic, minmay_temple_entry_purple_smoke, uniq_duvessa
D:8:      layout_rooms, uniq_erica, uniq_maggie

Notes
Turn   | Place    | Note
-------+----------+-------------------------------------------
     0 | D:1      | spaghetti the Ogre Air Elementalist began the quest for the
                  | Orb.
     0 | D:1      | Reached XP level 1. HP: 16/16 MP: 3/3
     0 | D:1      | magus.rc [v1.9.6]
    64 | D:1      | You pick up a book of Displacement and begin reading...
    64 | D:1      | You add the spells Lesser Beckoning, Gell's Gravitas and
                  | Teleport Other to your library.
   179 | D:1      | Reached skill level 3 in Spellcasting
   179 | D:1      | Reached XP level 2. HP: 24/24 MP: 1/6
   440 | D:1      | Found a faded altar of an unknown god.
   451 | D:1      | Prayed at the altar of an unknown god.
   451 | D:1      | Became a worshipper of Hepliaklqana the Forgotten
   451 | D:1      | Reached * piety under Hepliaklqana
   892 | D:1      | Reached XP level 3. HP: 27/27 MP: 6/8
  1002 | D:1      | Reached skill level 4 in Spellcasting
  1771 | D:2      | Reached ** piety under Hepliaklqana
  1772 | D:2      | Remembered your ancestor Γ†thelred as a knight
  2206 | D:2      | Reached XP level 4. HP: 35/35 MP: 8/10
  2440 | D:3      | Found an iron altar of Okawaru.
  2442 | D:3      | Found a glowing golden altar of the Shining One.
  2444 | D:3      | Found a blossoming altar of Fedhas.
  2444 | D:3      | Found a sparkling altar of Nemelex Xobeh.
  2444 | D:3      | Found a radiant altar of Vehumet.
  2469 | D:3      | Found a shadowy altar of Dithmenos.
  2636 | D:3      | Identified the +3 dagger "Veymezu" {spect, rC++ Stlth+}
  2876 | D:3      | Reached skill level 5 in Spellcasting
  3364 | D:4      | Reached *** piety under Hepliaklqana
  3385 | D:4      | Noticed Robin
  3390 | D:4      | Killed Robin
  3391 | D:4      | Reached XP level 5. HP: 40/40 MP: 3/13
  3604 | D:4      | Reached skill level 6 in Spellcasting
  3966 | D:4      | Found a hazy altar of Hepliaklqana.
  3996 | D:4      | Noticed a water moccasin
  4005 | D:4      | Killed a water moccasin
  4006 | D:4      | Reached skill level 7 in Spellcasting
  4006 | D:4      | Reached XP level 6. HP: 35/47 MP: 9/16
  4623 | D:4      | Noticed a black bear
  4628 | D:4      | Killed a black bear
  4629 | D:4      | Reached skill level 8 in Spellcasting
  4629 | D:4      | Reached XP level 7. HP: 53/53 MP: 11/18
  4818 | D:4      | Noticed a wyvern
  5004 | D:5      | Entered Level 5 of the Dungeon
  5063 | D:5      | Noticed Pikel
  5073 | D:5      | Killed Pikel
  5074 | D:5      | Reached skill level 10 in Spellcasting
  5074 | D:5      | Reached XP level 8. HP: 47/60 MP: 12/22
  5295 | D:5      | Reached skill level 11 in Spellcasting
  5373 | D:5      | Found a glowing drain.
  5388 | Sewer    | Entered a sewer
  5635 | Sewer    | Found a burning altar of Makhleb.
  5813 | Sewer    | Noticed Grinder
  5829 | Sewer    | Killed Grinder
  5830 | Sewer    | Reached skill level 12 in Spellcasting
  5832 | Sewer    | Reached XP level 9. HP: 61/66 MP: 13/25
  5945 | Sewer    | Reached **** piety under Hepliaklqana
  6572 | D:6      | Reached skill level 13 in Spellcasting
  6577 | D:6      | You add the spells Sting, Poisonous Vapours and Olgreb's
                  | Toxic Radiance to your library.
  6696 | D:6      | Found a broken altar of Ashenzari.
  7125 | D:6      | Identified the +12 long sword "Okhih" {freeze, Fly rF-
                  | Int+2}
  7221 | D:6      | Found a snail-covered altar of Cheibriados.
  7768 | D:7      | Reached skill level 14 in Spellcasting
  8056 | D:7      | Found a staircase to the Ecumenical Temple.
  8152 | D:7      | Reached ***** piety under Hepliaklqana
  8242 | D:7      | Reached skill level 15 in Spellcasting
  8242 | D:7      | Reached XP level 10. HP: 72/72 MP: 21/29
  8456 | D:7      | Noticed Duvessa
  8456 | D:7      | Noticed Dowan
  8466 | D:7      | Killed Dowan
  8473 | D:7      | Killed Duvessa
  9323 | D:8      | HP: 17/72 [killer bee (3)]
  9324 | D:8      | HP: 8/72 [killer bee (3)]
  9329 | D:8      | HP: 8/72 [killer bee (4)]
  9330 | D:8      | HP: 3/72 [killer bee (5)]
  9725 | D:8      | Learned a level 3 spell: Swiftness
  9833 | D:8      | Noticed a two-headed ogre
  9842 | D:8      | HP: 21/108 [two-headed ogre/+0 giant spiked club (13)]
  9845 | D:8      | HP: 10/108 [yak (11)]
  9851 | D:8      | HP: 27/108 [two-headed ogre/+0 giant spiked club (15)]
  9853 | D:8      | Reached skill level 16 in Spellcasting
  9853 | D:8      | HP: 4/108 [two-headed ogre/+0 giant spiked club (16)]
  9853 | D:8      | Mangled by a two-headed ogre

Vanquished Creatures
  Pikel (D:5)
  Grinder (Sewer)
  A yak (D:8)
  A water moccasin (D:4)
  A sky beast (D:7)
  An ogre (D:5)
  A centaur (D:8)
  A lemure (D:5)
  2 bullfrogs
  2 necrophages
  2 wights (D:7)
  2 killer bees (D:8)
  A howler monkey (D:6)
  A jelly (D:6)
  A quasit (Sewer)
  3 hounds
  4 adders
  2 shadow imps
  An ufetubus (Sewer)
  2 worms
  3 dart slugs
  4 orcs
  6 endoplasms
  5 giant cockroaches
  10 goblins
  4 hobgoblins
  4 jackals
  6 quokkas
  11 ball pythons
  12 bats
  A frilled lizard (D:1)
  A giant cockroach zombie (Sewer)
  21 kobolds
  A kobold zombie (Sewer)
  3 rats
123 creatures vanquished.

Vanquished Creatures (collateral kills)
  A shadow (D:7)
  2 steam dragons
  Duvessa (D:7)
  A water moccasin (D:8)
  3 ice beasts
  A black bear (D:4)
  2 ogres (D:5)
  A centaur (D:7)
  2 kobold brigands (Sewer)
  3 necrophages
  3 scorpions
  3 wights (D:7)
  Dowan (D:7)
  4 killer bees (D:8)
  A vampire bat (D:5)
  An iron imp (D:6)
  2 jellies (D:6)
  A hound (D:6)
  3 iguanas
  Robin (D:4)
  2 adders
  3 shadow imps (Sewer)
  2 ufetubi
  An adder zombie (Sewer)
  2 worms
  A dart slug (D:1)
  3 orcs
  A ball python (Sewer)
  An endoplasm (D:2)
  2 hobgoblins (D:4)
  A jackal (D:2)
  2 goblins (D:4)
  4 kobolds
  A kobold zombie (Sewer)
63 creatures vanquished.

Vanquished Creatures (others)
  A yak (D:8)
  A knight (D:8)
  An endoplasm (Sewer)
3 creatures vanquished.

Grand Total: 189 creatures vanquished

Table legend:
 A = Non-vault XP
 B = Vault XP
 C = Vault XP percentage of total XP
 D = Non-vault monster count
 E = Vault monster count
 F = Vault count percentage of total count
                 A         B        C        D         E       F
            +---------+---------+-------+---------+---------+-------
      Total |    4796 |    1689 |  26.0 |     116 |      71 |  38.0
            +---------+---------+-------+---------+---------+-------
        D:1 |      35 |       2 |   5.4 |      19 |       1 |   5.0
        D:2 |      38 |      13 |  25.5 |      17 |       1 |   5.6
        D:3 |      26 |       0 |   0.0 |       9 |       0 |   0.0
        D:4 |     539 |      37 |   6.4 |      19 |      13 |  40.6
        D:5 |     571 |     736 |  56.3 |       7 |      16 |  69.6
        D:6 |     970 |      43 |   4.2 |      20 |       1 |   4.8
        D:7 |    1323 |     211 |  13.8 |      13 |       2 |  13.3
        D:8 |    1294 |       0 |   0.0 |      12 |       0 |   0.0
      Sewer |       0 |     647 | 100.0 |       0 |      37 | 100.0
            +---------+---------+-------+---------+---------+-------

Illustrated notes

Table legend:
 A = Kills in this place as a percentage of kills in entire the game.
 B = Kills by you in this place as a percentage of kills by you in the entire game.
 C = Kills by friends in this place as a percentage of kills by friends in the entire game.
 D = Other kills in this place as a percentage of other kills in the entire game.
 E = Experience gained in this place as a percentage of experience gained in the entire game.
 F = Experience gained in this place divided by the number of levels of this place that you have seen.
                   A       B       C       D       E      F
               +-------+-------+-------+-------+-------+----------------------
         Total | 100.0 | 100.0 | 100.0 | 100.0 | 100.0 | 720.6
       Dungeon |  80.2 |  78.7 |  84.1 |  50.0 |  90.0 | 729.8
         Sewer |  19.8 |  21.3 |  15.9 |  50.0 |  10.0 | 647.0
               +-------+-------+-------+-------+-------+----------------------

Table legend: (Time is in decaauts)
 A = Elapsed time spent in this place.
 B = Non-inter-level travel time spent in this place.
 C = Inter-level travel time spent in this place.
 D = Time resting spent in this place.
 E = Time spent auto-exploring this place.
 F = Levels seen in this place.
 G = Mean time per level.
                   A        B        C        D        E       F      G
               +--------+--------+--------+--------+--------+-----+--------+
         Total |   9849 |   9633 |    216 |    788 |   7824 |   9 | 1094.3 |
       Dungeon |   9185 |   8969 |    216 |    788 |   7318 |   8 | 1148.1 |
         Sewer |    663 |    663 |      0 |      0 |    505 |   1 |  663.0 |
               +--------+--------+--------+--------+--------+-----+--------+

Top non-repeatable levels by time:
     D:7: 1904 daAuts
     D:4: 1696 daAuts
     D:1: 1272 daAuts
     D:2: 1141 daAuts
     D:6: 1134 daAuts
     D:3: 894 daAuts
     D:5: 848 daAuts
   Sewer: 663 daAuts
     D:8: 294 daAuts
